 Dungeon Crawl Stone Soup version 0.30-a0-250-g41c1d76940 (webtiles) character file.

Game seed: 17401296266888255178

621578 zishaf the Champion of Chaos (level 27, -10/183 HPs)
             Began as a Vine Stalker Brigand on Oct 11, 2022.
             Was the Champion of Makhleb.
             Killed from afar by an orb of fire (34 damage)
             ... with a fireball
             ... on level 5 of the Realm of Zot on Oct 12, 2022.
             The game lasted 02:52:17 (53227 turns).

zishaf the Champion of Chaos (VSBr)                Turns: 53227, Time: 02:52:18

Health: -10/183    AC: 54    Str: 33    XL:     27
Magic:  0/41       EV: 12    Int: 11    God:    Makhleb [******]
Gold:   4588       SH: 20    Dex: 18    Spells: 26/26 levels left

rFire   . . .      SeeInvis +    j - +9 demon trident (vamp)
rCold   + + +      Faith    .    d - +1 kite shield {AC+3}
rNeg    + . .      Spirit   +    O - +12 gold dragon scales
rPois   +          Reflect  .    Q - +1 helmet "Gaeff" {rCorr}
rElec   +          Harm     .    Y - +3 cloak of Gravitas {rPois rC+++ rN+ Slay-2}
rCorr   +          Rampage  +    q - +1 pair of gloves of Calculation {*Slow rElec Str+7 SInv}
Will    +++..                    s - +2 pair of boots {rampage}
Stlth   ..........               U - amulet of Vitality {RegenMP++ Regen++}
HPRegen 2.90/turn                V - ring of the Octopus King {rCorr HP+2 AC+2 EV+2 SH+2}
MPRegen 1.07/turn                b - ring of the Tortoise {AC+8}

@: lethally poisoned (-10 -> -11), fire vulnerable, studying 2 skills
A: fangs 3, regeneration 1, magic shield, antimagic bite, no potion heal 2,
claws 1, hooves 1, robust 1, MP-powered wands, sturdy frame 1
}: 5/15 runes: barnacled, slimy, silver, abyssal, gossamer
a: Renounce Religion, Minor Destruction, Lesser Servant of Makhleb, Major
Destruction, Greater Servant of Makhleb


You were on level 5 of the Realm of Zot.
You worshipped Makhleb.
Makhleb was exalted by your worship.
You visited 10 branches of the dungeon, and saw 52 of its levels.
You visited the Abyss 1 time.
You also visited: Trove, Bailey, Gauntlet and Wizlab.

You collected 9941 gold pieces.
You spent 5353 gold pieces at shops.

Inventory:

Hand Weapons
 j - a +9 vampiric demon trident (weapon)
Missiles
 M - 2 throwing nets (quivered)
Armour
 d - a +1 kite shield of protection (worn)
 k - a +1 pair of gloves
 m - the +0 helmet of Nemelex Xobeh's Hatred {rElec Dex+2}
   (You found it in a wizard's laboratory)

   Dex:       It affects your dexterity (+2).
   rElec:     It insulates you from electricity.
 q - the +1 pair of gloves of Calculation (worn) {*Slow rElec Str+7 SInv}
   (You bought it in a shop on level 1 of the Vaults)

   Str:       It affects your strength (+7).
   rElec:     It insulates you from electricity.
   SInv:      It lets you see invisible.
   *Slow:     It may slow you when you take damage.
 s - a +2 pair of boots of rampaging (worn)
 y - the +6 plate armour of Xyam Zua {rF++}
   (You found it on level 4 of the Lair of Beasts)

   rF:        It greatly protects you from fire.
 O - +12 gold dragon scales (worn)
 Q - the +1 helmet "Gaeff" (worn) {rCorr}
   (You bought it in a shop on level 1 of the Vaults)

   rCorr:     It protects you from acid and corrosion.
 Y - the +3 cloak of Gravitas (worn) {rPois rC+++ rN+ Slay-2}
   (You found it on level 2 of the Shoals)

   Slay:      It affects your accuracy & damage with ranged weapons and melee
   (-2).
   rC:        It renders you almost immune to cold.
   rPois:     It protects you from poison.
   rN:        It protects you from negative energy.
Jewellery
 b - the ring of the Tortoise (right hand) {AC+8}
   (You bought it in a shop on level 2 of the Orcish Mines)

   [ring of protection]

   AC:        It affects your AC (+8).
 U - the amulet of Vitality (around neck) {RegenMP++ Regen++}
   (You took it off a deep elf death mage on level 3 of the Elven Halls)

   [amulet of magic regeneration]

   It increases your rate of magic regeneration.
   Regen:     It increases your rate of health regeneration.
 V - a ring of the Octopus King (left hand) {rCorr HP+2 AC+2 EV+2 SH+2}
   (You bought it in a shop on level 2 of the Orcish Mines)

   [ring of resist corrosion]

   AC:        It affects your AC (+2).
   EV:        It affects your evasion (+2).
   HP:        It affects your health (+2).
   rCorr:     It protects you from acid and corrosion.
   SH:        It affects your SH (+2).
Wands
 h - a wand of mindburst (37)
 t - a wand of roots (61)
 z - a wand of charming (47)
 C - a wand of flame (85)
 E - a wand of polymorph (28)
 F - a wand of quicksilver (5)
 J - a wand of digging (16)
Scrolls
 f - 17 scrolls of teleportation
 i - 3 scrolls of brand weapon
 n - 2 scrolls of silence
 r - 15 scrolls of poison
 w - 2 scrolls of summoning
 D - 7 scrolls of blinking
 L - 2 scrolls of enchant weapon
 N - 7 scrolls of fear
 R - 9 scrolls of butterflies
 S - a scroll of enchant armour
 T - a scroll of magic mapping
Potions
 c - 3 potions of mutation
 g - 21 potions of curing
 l - 11 potions of magic
 o - 8 potions of haste
 u - 6 potions of berserk rage
 v - 6 potions of cancellation
 x - 6 potions of flight
 A - 2 potions of resistance
 G - 9 potions of brilliance
 I - 6 potions of might
 P - 6 potions of lignification
 W - 2 potions of invisibility
 X - 9 potions of ambrosia
Miscellaneous
 a - a tin of tremorstones (2/2)
 e - a phial of floods
 p - a phantom mirror
 B - a box of beasts
 H - a lightning rod (4/4)
 K - a condenser vane


   Skills:
 + Level 23.6 Fighting
 - Level 2.1 Short Blades
 - Level 19.0 Polearms
 - Level 2.0 Throwing
 - Level 9.0 Armour
 - Level 6.0 Dodging
 - Level 5.0 Stealth
 - Level 23.0 Shields
 + Level 26.3 Invocations
 - Level 10.0 Evocations


You had 26 spell levels left.
You didn't know any spells.
Your spell library contained the following spells:

 Spells                   Type           Power      Damage    Failure   Level
 Beastly Appendage        Tmut           0%         N/A       99%         1
 Kiss of Death            Conj/Necr      0%         2d5       99%         1
 Necrotise                Necr           0%         1d4       99%         1
 Shock                    Conj/Air       0%         1d3       99%         1
 Slow                     Hex            0%         N/A       99%         1
 Sting                    Tmut/Pois      0%         1d3       99%         1
 Summon Small Mammal      Summ           0%         N/A       99%         1
 Blink                    Tloc           0%         N/A       100%        2
 Call Imp                 Summ           0%         N/A       100%        2
 Cigotuvi's Dreadful Rot  Necr/Pois/Air  0%         N/A       100%        2
 Ensorcelled Hibernation  Hex/Ice        0%         N/A       100%        2
 Momentum Strike          Conj/Tloc      0%         3d8       100%        2
 Passwall                 Tmut/Erth      0%         N/A       100%        2
 Poisonous Vapours        Pois/Air       0%         N/A       100%        2
 Static Discharge         Conj/Air       0%         2-2/arc   100%        2
 Sublimation of Blood     Necr           0%         N/A       100%        2
 Wereblood                Tmut           0%         N/A       100%        2
 Confusing Touch          Hex            0%         N/A       100%        3
 Dazzling Flash           Conj/Hex       0%         N/A       100%        3
 Frozen Ramparts          Ice            0%         1d1       100%        3
 Gell's Gravitas          Tloc           0%         N/A       100%        3
 Inner Flame              Hex/Fire       0%         N/A       100%        3
 Lesser Beckoning         Tloc           0%         N/A       100%        3
 Mephitic Cloud           Conj/Pois/Air  0%         N/A       100%        3
 Ozocubu's Armour         Ice            0%         N/A       100%        3
 Portal Projectile        Hex/Tloc       0%         N/A       100%        3
 Spider Form              Tmut/Pois      0%         N/A       100%        3
 Stone Arrow              Conj/Erth      0%         3d7       100%        3
 Summon Guardian Golem    Hex/Summ       0%         N/A       100%        3
 Teleport Other           Tloc           0%         N/A       100%        3
 Tukima's Dance           Hex            0%         N/A       100%        3
 Vampiric Draining        Necr           0%         2d6       100%        3
 Airstrike                Air            0%         2d(0-16)  100%        4
 Anguish                  Hex/Necr       0%         N/A       100%        4
 Animate Armour           Summ/Erth      0%         N/A       100%        4
 Dispel Undead            Necr           0%         3d6       100%        4
 Ice Form                 Ice/Tmut       0%         N/A       100%        4
 Manifold Assault         Tloc           0%         N/A       100%        4
 Olgreb's Toxic Radiance  Pois           0%         N/A       100%        4
 Passage of Golubria      Tloc           0%         N/A       100%        4
 Petrify                  Tmut/Erth      0%         N/A       100%        4
 Summon Ice Beast         Ice/Summ       0%         N/A       100%        4
 Summon Lightning Spire   Summ/Air       0%         N/A       100%        4
 Agony                    Necr           0%         N/A       100%        5
 Blade Hands              Tmut           0%         N/A       100%        5
 Fireball                 Conj/Fire      0%         3d3       100%        5
 Freezing Cloud           Conj/Ice/Air   0%         6-21      100%        5
 Iskenderun's Battlesphe  Conj           0%         2d6       100%        5
 Lightning Bolt           Conj/Air       0%         1d11      100%        5
 Metabolic Englaciation   Hex/Ice        0%         N/A       100%        5
 Silence                  Hex/Air        0%         N/A       100%        5
 Summon Forest            Summ/Tloc      0%         N/A       100%        5
 Summon Mana Viper        Hex/Summ       0%         N/A       100%        5
 Yara's Violent Unravell  Hex/Tmut       0%         3d3       100%        5
 Conjure Ball Lightning   Conj/Air       0%         3x3d6     100%        6
 Death Channel            Necr           0%         N/A       100%        6
 Dispersal                Tloc           0%         N/A       100%        6
 Iron Shot                Conj/Erth      0%         9d1       100%        6
 Statue Form              Tmut/Erth      0%         N/A       100%        6
 Summon Cactus Giant      Summ           0%         N/A       100%        6
 Enfeeble                 Hex            0%         N/A       100%        7
 Haunt                    Necr/Summ      0%         N/A       100%        7
 Monstrous Menagerie      Summ           0%         N/A       100%        7
 Orb of Destruction       Conj           0%         9d5       100%        7
 Spellforged Servitor     Conj/Summ      0%         N/A       100%        7
 Storm Form               Tmut/Air       0%         N/A       100%        7
 Summon Hydra             Summ           0%         N/A       100%        7
 Lehudib's Crystal Spear  Conj/Erth      0%         10d2      100%        8
 Maxwell's Capacitive Co  Air            0%         ∞         100%        8
 Summon Horrible Things   Summ           0%         N/A       100%        8
 Chain Lightning          Conj/Air       0%         N/A       100%        9
 Fire Storm               Conj/Fire      0%         5d1       100%        9
 Shatter                  Erth           0%         3d5*      100%        9


Dungeon Overview and Level Annotations

Branches:
Dungeon (15/15)            Temple (0/1) D:5            Lair (5/5) D:10
 Shoals (4/4) Lair:3       Spider (4/4) Lair:3        Slime (5/5) Lair:5
    Orc (2/2) D:11            Elf (3/3) Orc:2        Vaults (5/5) D:13
  Crypt (0/3) Vaults:2     Depths (4/4) D:15            Zot (5/5) Depths:4
 Bailey (visited)          WizLab (visited)         Gauntlet (visited)

Altars:
Elyvilon
Hepliaklqana
Makhleb
Qazlal
Ru
Uskayaw
Vehumet
Xom
Yredelemnul
Zin
The Shining One
Jiyva

Shops:
Orc:2 (=[*   Elf:1 [   Elf:2 *   Elf:3 *[*   Shoals:1 ?   Vaults:1 =[[*
Vaults:3 !   Depths:4 *[:**

Portals:
Hell: Depths:1 Depths:2 Depths:3 Depths:4
Abyss: Depths:3
Pandemonium: Depths:2 Depths:3 Depths:4
Ziggurat: Depths:3

Annotations:
Elf:2 1 runed translucent door
Depths:4 5 runed translucent doors, exclusion: upstairs


Innate Abilities, Weirdness & Mutations

You have razor-sharp teeth.
Your natural rate of healing is unusually fast.
When hurt, damage is shared between your health and your magic reserves.
Your bite disrupts and absorbs the magic of your enemies.
Potions cannot restore your health.
You have sharp fingernails.
You have large cloven feet.
You are robust. (+10% HP)
You expend magic power (3 MP) to strengthen your wands.
Your movements are slightly less encumbered by armour. (ER -2)


Message History

The Killer Klown convulses!
The Killer Klown giggles crazily.
The Killer Klown blinks!
You impale the red draconian!!
You feel better.
You kill the red draconian!
Makhleb accepts your kill.
You feel better.
You feel sick.
The electric golem blinks!
You block the cacodemon's attack. x2
The death drake breathes miasma at you.
The foul vapour engulfs you but does no damage.
The cacodemon attacks as you move away! You block the cacodemon's attack.
The cacodemon barely misses you.
You are engulfed in dark miasma.
You are more poisoned.
You feel extremely sick.
The Killer Klown blinks!
The white draconian stormcaller breathes frost at you.
The blast of cold hits you. You resist.
The Killer Klown blinks!
You block the death drake's attack.
The electric golem blinks!
You impale the Killer Klown!!
You feel better.
Your bite misses the Killer Klown.
The Killer Klown is heavily wounded.
You are engulfed in dark miasma.
Your surroundings suddenly seem different.
An electric golem, 3 liches, 2 orbs of fire, a Killer Klown and a green draconian come into view.
The Killer Klown is wielding a +11 club of freezing.
Found 5 stones and a large gilded ring.
You feel very sick.
The dread lich shouts! x2; The Killer Klown shouts!
The orb of fire glows red.
The bolt of fire hits you!!
* * * LOW HITPOINT WARNING * * *
The ancient lich gestures wildly while chanting.
The ancient lich seems to speed up.
The dread lich touches you but does no damage.
The dread lich mumbles some strange words.
A demon appears!
You feel very sick.
The orb of fire emits a lurid red light.
The fireball explodes!
The fireball engulfs you!!!
You die...

**,,,,,,,,,,,,,,,,,,,,,,** ****
*,,,.^.............,,,,,,*
,,,***,,,..Ld...........,,,,,,*
,,,,**,,,..........^....,,,,,**
^,,,,*,,,............1..,,,,**
,,,,,,,,,.....*.........,,,**
,,,,,*,,,............L..,,,,**
,,,,**,,,....^.L.2....*.,,,,,**
,,^***,,,...9.p.@.......,,,,,,*
**** *,,,...............,,,,,,*
**,,.=.............,,,,^**
***...............,,,,**
*▓▓▓............,****
▓▓▓▓▓▓▓▓▓▓▓▓▓**


You could see 2 orbs of fire, a Killer Klown, an electric golem, an ancient lich
(fast), 2 dread liches, a green draconian, an Executioner (summoned) and a
friendly balrug (summoned).

Vanquished Creatures
  the Royal Jelly (Slime:5)
  A dread lich (Zot:5)
  An orb of fire (Zot:1)
  Mara (Depths:1)
  The ghost of Bealaq the Black Belt, a legendary GnFE of Okawaru (Zot:2)
  2 juggernauts (Depths:2)
  Sojobo (Vaults:4)
  Boris (Vaults:2)
  Frederick (Vaults:2)
  A curse toe (Zot:3)
  A Killer Klown (Zot:5)
  Xtahua (Vaults:4)
  Jory (Vaults:5)
  9 golden dragons
  A pearl dragon (Depths:1)
  3 bone dragons
  A hellephant (Abyss:4)
  13 tentacled monstrosities
  Asterion (Depths:2)
  2 liches
  10 Orb Guardians (Zot:5)
  7 quicksilver dragons
  A moon troll (WizLab)
  3 deep elf blademasters
  3 deep elf master archers (Elf:3)
  11 acid blobs
  14 tentacled starspawn
  9 death cobs
  6 sphinxes
  A kraken (Shoals:2)
  An Executioner (Abyss:2)
  The ghost of Oradghuzu the Ruinous, an adept TeCj of Sif Muna (Shoals:3)
  15 tengu reavers
  10 shadow dragons
  A daeva (Abyss:3)
  12 storm dragons
  11 azure jellies
  Donald (Vaults:4)
  11 fire giants
  2 draconian monks (Depths:4)
  6 rockslimes
  12 frost giants
  The ghost of pokeman the Sorcerer, an adept DEHW of Vehumet (Shoals:2)
  11 vault wardens
  A draconian scorcher (Zot:2)
  3 draconian knights
  7 ghost moths
  5 emperor scorpions
  4 iron dragons
  10 deep elf sorcerers
  A cacodemon (WizLab)
  A juggernaut zombie (Abyss:2)
  5 draconian shifters
  A deep elf elementalist (Elf:3)
  6 orc warlords
  A war gargoyle (WizLab)
  4 draconian stormcallers
  18 ironbound preservers
  5 draconian annihilators
  2 broodmothers
  24 stone giants
  12 quicksilver oozes
  31 very ugly things
  9 ironbound thunderhulks
  2 vampire knights
  2 ophanim
  An apis (Depths:1)
  6 deep elf annihilators
  4 deep elf demonologists
  9 spark wasps
  The ghost of Qusyotyd the Black Belt, a journeyman MeHW of Nemelex Xobeh (Spider:3)
  11 green draconians
  8 white draconians
  9 black draconians
  8 red draconians
  A minotaur (Gauntlet)
  15 dire elephants
  7 purple draconians
  8 yellow draconians
  2 eidola
  A blizzard demon (Abyss:3)
  4 deep elf death magi (Elf:3)
  9 fire dragons
  7 crystal guardians
  12 ettins
  3 merfolk javelineers (Shoals:4)
  A great orb of eyes (shapeshifter) (Vaults:5)
  A jiangshi (Vaults:2)
  14 great orbs of eyes
  10 yaktaur captains
  4 entropy weavers
  8 merfolk impalers
  3 deep elf high priests
  2 spriggan air magi
  2 merfolk avatars
  An anaconda (shapeshifter) (Vaults:5)
  A hydra (shapeshifter) (Vaults:5)
  4 rakshasas
  2 radroaches
  29 vault guards
  4 catoblepae
  4 hydras
  6 ice dragons
  5 ironbound frosthearts
  2 ogre magi (Vaults:5)
  2 peacekeepers
  An alligator snapping turtle (Shoals:4)
  2 jorogumos
  14 centaur warriors
  8 boulder beetles
  A satyr (Shoals:2)
  3 merfolk aquamancers
  20 dancing weapons
  6 two-headed ogres
  7 tengu warriors
  4 vampire magi
  8 deep troll shamans
  12 death yaks
  6 deep troll earth magi
  13 hell knights
  12 thrashing horrors
  13 deep elf knights
  A shock serpent (shapeshifter) (Depths:2)
  4 spriggan berserkers
  2 soul eaters
  3 orc high priests
  2 sun demons
  5 skeletal warriors
  2 sixfirhies (Abyss:3)
  6 pharaoh ants
  8 iron trolls
  4 wretched stars
  2 spatial maelstroms
  6 glowing orange brains
  An orange crystal statue (WizLab)
  49 deep trolls
  A flayed ghost (Depths:2)
  3 steelbarb worms
  A steelbarb worm (shapeshifter) (Vaults:5)
  9 harpies
  An obsidian statue (Zot:5)
  Pikel (D:5)
  10 deep elf archers
  23 ironbound convokers
  8 sea snakes
  8 orb spiders
  21 deep elf zephyrmancers
  3 necromancers
  6 phantasmal warriors
  8 wizards
  7 lindwurms
  18 orc knights
  23 deep elf pyromancers
  A faun (shapeshifter) (D:15)
  59 ugly things
  5 orc sorcerers
  6 shining eyes
  16 wolf spiders
  6 cyclopes
  6 fauns (Shoals:2)
  11 manticores
  A moth of wrath (shapeshifter) (D:15)
  5 worldbinders
  2 rust devils
  19 moths of wrath
  2 elephants
  10 merfolk sirens
  Maurice (D:13)
  20 vault sentinels
  8 eyes of devastation
  An elephant (shapeshifter) (Depths:3)
  5 smoke demons
  7 water nymphs
  4 black mambas
  4 gargoyles
  9 cane toads
  4 molten gargoyles
  An eye of devastation (shapeshifter) (Depths:4)
  6 torpor snails
  9 komodo dragons
  2 rime drakes
  3 unseen horrors
  Maggie (D:9)
  A kobold demonologist (D:11)
  An unseen horror zombie (D:9)
  2 ice devils
  8 tengu conjurers
  2 efreet
  2 freezing wraiths (Vaults:5)
  2 hellions
  20 yaktaurs
  27 starcursed masses
  A tormentor (Depths:3)
  5 demonic crawlers
  A polar bear (Lair:4)
  7 trolls
  6 meliai
  6 ancient zymes
  A queen bee (Gauntlet)
  5 blink frogs (Lair:2)
  A tyrant leech (shapeshifter) (Depths:2)
  31 merfolk
  20 raiju
  8 wind drakes
  9 hornets
  A harpy skeleton (Abyss:3)
  90 slime creatures
  3 dream sheep (shapeshifter)
  14 tarantellas
  11 dream sheep
  A flying skull (Abyss:3)
  9 snapping turtles
  A vampire (Abyss:3)
  6 spriggans
  13 jumping spiders
  19 water elementals
  15 culicivoras
  3 wraiths
  8 ynoxinuls
  2 shadows
  9 wyverns
  A fire bat (shapeshifter) (D:13)
  A wyvern (shapeshifter) (Vaults:5)
  8 fire elementals
  55 yaks
  7 basilisks
  5 neqoxecs
  A human (shapeshifter) (Vaults:5)
  11 golden eyes
  A golden eye (shapeshifter) (D:15)
  4 steam dragons
  Eustachio (D:4)
  3 fire bats (Abyss:1)
  31 redbacks
  A redback simulacrum (D:15)
  6 vampire mosquitoes
  5 chaos spawn
  A harpy simulacrum (Abyss:3)
  6 spatial vortices (Abyss:4)
  6 wargs
  2 acid dragons (D:10)
  14 water moccasins
  2 floating eyes (Depths:3)
  4 hell hounds (Lair:5)
  18 large abominations
  2 ice beasts (D:7)
  5 black bears
  Pargi (D:4)
  21 orc warriors
  A sky beast (D:7)
  5 ogres
  15 centaurs
  5 wolves (Lair:3)
  2 phantoms
  3 kobold brigands
  4 necrophages
  2 scorpions (D:6)
  7 bullfrogs
  5 wights
  11 killer bees
  6 howler monkeys
  6 electric eels
  2 centaur zombies (D:9)
  7 lava snakes
  5 quasits
  A human zombie (D:9)
  5 hounds
  4 jellies
  A gnoll bouda (D:8)
  13 orc priests
  12 small abominations
  3 iron imps
  2 iguanas
  16 orc wizards
  A howler monkey zombie (D:9)
  3 mummies (D:9)
  Robin (D:2)
  14 gnolls
  11 adders
  2 shadow imps
  5 white imps
  3 ufetubi
  A worm (D:2)
  5 dart slugs
  91 orcs
  5 endoplasms
  7 giant cockroaches
  25 goblins
  11 hobgoblins
  3 jackals (D:4)
  4 quokkas
  10 bats
  2 frilled lizards
  27 kobolds
  2 rats
  A lurking horror (Abyss:2)
  8 starspawn tentacles
  3 tentacles (Shoals:2)
2181 creatures vanquished.

Vanquished Creatures (collateral kills)
  A Killer Klown (Zot:5)
  A hellephant (Abyss:4)
  3 acid blobs (Slime:5)
  Roxanne (Spider:3)
  Ilsuiw (Shoals:4)
  3 rockslimes (Slime:5)
  A deep elf sorcerer (Elf:3)
  2 emperor scorpions
  A ghost moth (Spider:3)
  An orc warlord (Orc:2)
  A deep elf annihilator (Elf:3)
  A black draconian (Zot:2)
  A white draconian (Zot:2)
  8 merfolk impalers (Shoals:4)
  A merfolk javelineer (Shoals:4)
  2 deep elf high priests (Elf:3)
  A yaktaur captain (Vaults:4)
  3 jorogumos (Spider:3)
  A merfolk aquamancer (Shoals:4)
  A radroach (Spider:3)
  5 dancing weapons (Elf:2)
  3 orc high priests (Orc:2)
  A deep elf knight (Elf:2)
  A steelbarb worm (Spider:3)
  3 sea snakes (Shoals:4)
  An orc knight (Orc:2)
  3 deep elf zephyrmancers
  An ugly thing (Vaults:4)
  3 harpies
  A deep elf pyromancer (Elf:2)
  A wolf spider (Spider:3)
  2 orc sorcerers (Orc:2)
  2 elephants (Abyss:4)
  3 merfolk sirens (Shoals:4)
  2 merfolk (Shoals:4)
  A tarantella (Spider:3)
  A hornet (Spider:4)
  A wind drake (Shoals:4)
  A snapping turtle (Shoals:4)
  A golden eye (Slime:5)
  2 redbacks
  13 orc warriors (Orc:2)
  7 orc priests (Orc:2)
  7 orc wizards (Orc:2)
  A gnoll (Orc:2)
  11 orcs (Orc:2)
113 creatures vanquished.

Vanquished Creatures (others)
  A merfolk aquamancer (Shoals:4)
  5 deep elf knights
  A deep elf zephyrmancer (Elf:1)
  2 wizards (Vaults:1)
  A deep elf pyromancer (Elf:2)
  A manticore (Shoals:4)
  A molten gargoyle (Lair:5)
  A freezing wraith (Abyss:3)
  A fire elemental (Elf:1)
  2 golden eyes (Abyss:3)
  A redback (Spider:4)
  A goblin (D:8)
  8 bushes (Depths:4)
  3 demonic plants (WizLab)
  13 fungi
  52 plants
  26 starspawn tentacles
  6 tentacles (Shoals:2)
126 creatures vanquished.

Grand Total: 2420 creatures vanquished

Notes
Turn   | Place    | Note
-------+----------+-------------------------------------------
     0 | D:1      | zishaf the Vine Stalker Brigand began the quest for the
                  | Orb.
     0 | D:1      | Reached XP level 1. HP: 11/11 MP: 2/2
   204 | D:1      | Reached skill level 1 in Dodging
   204 | D:1      | Reached skill level 5 in Stealth
   204 | D:1      | Reached XP level 2. HP: 15/15 MP: 3/3
   512 | D:1      | Reached XP level 3. HP: 19/19 MP: 4/4
   724 | D:2      | Reached skill level 1 in Polearms
   849 | D:2      | Noticed Robin
   869 | D:2      | Gained mutation: Your natural rate of healing is unusually
                  | fast. [Vine Stalker growth]
   869 | D:2      | Reached XP level 4. HP: 5/23 MP: 2/5
   878 | D:2      | Killed Robin
  1389 | D:3      | Reached XP level 5. HP: 23/28 MP: 1/6
  1461 | D:3      | Found a burning altar of Makhleb.
  1683 | D:3      | Became a worshipper of Makhleb the Destroyer
  2148 | D:4      | Found a glowing golden altar of the Shining One.
  2180 | D:4      | Reached skill level 1 in Invocations
  2429 | D:4      | Noticed Eustachio
  2443 | D:4      | Killed Eustachio
  2443 | D:4      | Reached * piety under Makhleb
  2444 | D:4      | Reached skill level 2 in Invocations
  2444 | D:4      | Reached XP level 6. HP: 33/33 MP: 8/8
  2518 | D:4      | Noticed Pargi
  2524 | D:4      | Killed Pargi
  2525 | D:4      | Reached skill level 3 in Invocations
  2525 | D:4      | Reached XP level 7. HP: 37/37 MP: 10/10
  2657 | D:4      | Found a shimmering altar of Xom.
  2759 | D:5      | Entered Level 5 of the Dungeon
  2775 | D:5      | Noticed Pikel
  2788 | D:5      | Killed Pikel
  2789 | D:5      | Reached skill level 5 in Invocations
  2789 | D:5      | Gained mutation: You have razor-sharp teeth. [Vine Stalker
                  | growth]
  2789 | D:5      | Reached XP level 8. HP: 42/42 MP: 7/12
  2860 | D:5      | Found a hazy altar of Hepliaklqana.
  2943 | D:5      | Reached skill level 5 in Fighting
  3086 | D:5      | Found a staircase to the Ecumenical Temple.
  3117 | D:5      | Reached skill level 1 in Evocations
  3577 | D:6      | Reached skill level 6 in Invocations
  3655 | D:6      | Found a radiant altar of Vehumet.
  3676 | D:6      | Reached ** piety under Makhleb
  3690 | D:6      | Found a hide-covered altar of Uskayaw.
  3739 | D:6      | Reached XP level 9. HP: 47/47 MP: 14/14
  3772 | D:6      | Reached skill level 5 in Polearms
  4289 | D:7      | Reached skill level 7 in Invocations
  4819 | D:7      | Noticed a two-headed ogre
  4848 | D:7      | Killed a two-headed ogre
  4849 | D:7      | Reached skill level 8 in Invocations
  5032 | D:7      | Reached XP level 10. HP: 53/53 MP: 12/17
  5275 | D:8      | Found a flagged portal.
  5304 | D:8      | Reached *** piety under Makhleb
  5334 | Bailey   | Entered a bailey
  5339 | Bailey   | Noticed an orc warlord
  5381 | Bailey   | Reached skill level 9 in Invocations
  5399 | Bailey   | Found a runed translucent gate.
  5401 | Bailey   | Found a runed translucent gate.
  5416 | Bailey   | Found a runed translucent gate.
  5601 | Bailey   | Killed an orc warlord
  5653 | Bailey   | Identified the +4 halberd of the Sun {speed, *Slow rF+
                  | Dex+5 SInv}
  5680 | Bailey   | Reached XP level 11. HP: 58/58 MP: 19/19
  6331 | D:9      | Reached skill level 10 in Invocations
  6476 | D:9      | Reached **** piety under Makhleb
  6524 | D:9      | Noticed Maggie
  6535 | D:9      | Killed Maggie
  6878 | D:9      | Found a basalt altar of Yredelemnul.
  6909 | D:9      | Reached XP level 12. HP: 64/64 MP: 21/21
  7099 | D:9      | Found a runed translucent door.
  7140 | D:9      | Found a runed translucent gate.
  7140 | D:9      | Found a runed translucent gate.
  7140 | D:9      | Found a runed translucent gate.
  7140 | D:9      | Found a runed translucent gate.
  7141 | D:9      | Found a runed translucent gate.
  7147 | D:9      | Found a runed translucent gate.
  7147 | D:9      | Noticed a boulder beetle
  7183 | D:9      | Killed a boulder beetle
  7184 | D:9      | Reached skill level 11 in Invocations
  7228 | D:9      | Identified the ring "Ejojun" {AC+4 Str+4}
  7290 | D:10     | Entered Level 10 of the Dungeon
  7307 | D:10     | Found a stormy altar of Qazlal.
  7398 | D:10     | Found a staircase to the Lair.
  7627 | D:10     | Reached ***** piety under Makhleb
  7775 | D:10     | Found a sacrificial altar of Ru.
  8335 | D:11     | Found a staircase to the Orcish Mines.
  8593 | D:11     | Noticed a centaur warrior
  8602 | D:11     | Killed a centaur warrior
  8647 | D:11     | Reached skill level 12 in Invocations
  8720 | D:11     | Noticed a two-headed ogre
  8726 | D:11     | Killed a two-headed ogre
  8759 | D:11     | Noticed a two-headed ogre
  8766 | D:11     | Killed a two-headed ogre
  8810 | D:11     | Found a portal to a secret trove of treasure.
  9307 | Lair:1   | Entered Level 1 of the Lair of Beasts
  9347 | Lair:1   | Reached XP level 13. HP: 70/70 MP: 20/23
  9424 | Lair:1   | Identified the +9 long sword of Ydusemp {flame, Fly rN+
                  | rCorr Str+4}
  9588 | Lair:1   | Reached skill level 13 in Invocations
 10148 | Lair:2   | Reached ****** piety under Makhleb
 10373 | Lair:2   | Reached skill level 14 in Invocations
 10790 | Lair:3   | Reached skill level 10 in Fighting
 10822 | Lair:3   | Reached skill level 1 in Armour
 10828 | Lair:3   | Identified the +5 mace of Broken Luck {freeze, *Noise rC++
                  | Int+4}
 11122 | Lair:3   | Found a hole to the Spider Nest.
 11308 | Lair:3   | Found a staircase to the Shoals.
 11966 | Lair:4   | Reached XP level 14. HP: 77/77 MP: 25/25
 12068 | Lair:4   | Found a glowing silver altar of Zin.
 12179 | Lair:4   | Identified the +6 plate armour of Xyam Zua {rF++}
 12700 | Lair:5   | Entered Level 5 of the Lair of Beasts
 13029 | Lair:5   | Found a staircase to the Slime Pits.
 13029 | Lair:5   | Found a viscous altar of Jiyva.
 13109 | Lair:5   | Reached skill level 1 in Shields
 13499 | Lair:5   | Found a large runed translucent door.
 13500 | Lair:5   | Found a large runed translucent door.
 13674 | Lair:5   | Identified the +7 demon whip "Lumipug" {pain, rN+}
 14790 | D:13     | Noticed Maurice
 14818 | D:13     | Killed Maurice
 14866 | D:13     | Found a gate to the Vaults.
 14917 | D:13     | Reached skill level 15 in Invocations
 14968 | D:13     | Reached XP level 15. HP: 83/83 MP: 23/27
 15782 | D:14     | Reached skill level 5 in Shields
 16442 | D:15     | Entered Level 15 of the Dungeon
 16534 | D:15     | Reached skill level 16 in Invocations
 16751 | D:15     | Found a staircase to the Depths.
 17408 | Orc:1    | Entered Level 1 of the Orcish Mines
 17833 | Orc:2    | Entered Level 2 of the Orcish Mines
 17861 | Orc:2    | Found a gate leading to a gauntlet.
 17871 | Gauntlet | Entered a Gauntlet
 17871 | Gauntlet | Found a transporter.
 17878 | Gauntlet | Found a transporter.
 17880 | Gauntlet | Found a transporter.
 17894 | Gauntlet | Found a transporter.
 17896 | Gauntlet | Found a transporter.
 17900 | Gauntlet | Found a runed translucent door.
 17902 | Gauntlet | Found a runed translucent door.
 17905 | Gauntlet | Found a transporter.
 17921 | Gauntlet | Found a transporter.
 17931 | Gauntlet | Found a transporter.
 17941 | Gauntlet | Found a transporter.
 17955 | Gauntlet | Found a transporter.
 17964 | Gauntlet | Found a transporter.
 17967 | Gauntlet | Found a transporter.
 17996 | Gauntlet | Reached XP level 16. HP: 91/91 MP: 29/29
 18023 | Gauntlet | Found a transporter.
 18089 | Gauntlet | Identified the +0 cloak "Sorchoump" {Will+}
 18117 | Gauntlet | Identified the ring "Leulez" {rElec Str+6}
 18211 | Orc:2    | Found a staircase to the Elven Halls.
 18482 | Orc:2    | Reached skill level 17 in Invocations
 18797 | Orc:2    | Found Elanae Hokk's General Store.
 18798 | Orc:2    | Found Batutodi's Jewellery Shoppe.
 18800 | Orc:2    | Found Paria's Antique Armour Shoppe.
 18800 | Orc:2    | Found Uschik Judui's Antique Weapon Emporium.
 18817 | Orc:2    | Bought the ring of the Tortoise {AC+8} for 1792 gold pieces
 18817 | Orc:2    | Found the ring of the Tortoise {AC+8}
 18819 | Orc:2    | Bought a ring of the Octopus King {rCorr HP+2 AC+2 EV+2
                  | SH+2} for 789 gold pieces
 18819 | Orc:2    | Found the ring of the Octopus King {rCorr HP+2 AC+2 EV+2
                  | SH+2}
 19134 | Shoals:1 | Entered Level 1 of the Shoals
 19602 | Shoals:1 | Found Ujahyxta's Magic Scroll Emporium.
 20073 | Shoals:2 | Found a runed translucent door.
 20073 | Shoals:2 | Found a shimmering altar of Xom.
 20073 | Shoals:2 | Noticed pokeman's ghost (adept DEHW)
 20245 | Shoals:2 | Killed pokeman's ghost
 20249 | Shoals:2 | Identified the +3 cloak of Gravitas {rPois rC+++ rN+
                  | Slay-2}
 20250 | Shoals:2 | Identified the +5 dagger of Amortisation {vorpal, Fly rF-
                  | rN++ Str+2}
 20562 | Shoals:2 | Noticed a kraken
 20585 | Shoals:2 | Killed a kraken
 21366 | Shoals:3 | Found a runed translucent door.
 21366 | Shoals:3 | Noticed Oradghuzu's ghost (adept TeCj)
 21392 | Shoals:3 | Killed Oradghuzu's ghost
 21393 | Shoals:3 | Reached XP level 17. HP: 76/98 MP: 30/30
 21663 | Shoals:3 | Reached skill level 5 in Armour
 21802 | Shoals:4 | Entered Level 4 of the Shoals
 21842 | Shoals:4 | Reached skill level 18 in Invocations
 21885 | Shoals:4 | Reached skill level 5 in Dodging
 22024 | Shoals:4 | Noticed Ilsuiw
 22039 | Shoals:4 | Killed Ilsuiw
 22133 | Shoals:4 | Identified the +5 spear "Etehiwih" {spect, rElec rF- Str+4
                  | Dex+2}
 22457 | Shoals:4 | Reached skill level 15 in Fighting
 22699 | Shoals:4 | Identified the amulet of Vanamef {-Tele rPois rF+ Regen+}
 23024 | Shoals:4 | Got a barnacled rune of Zot
 23401 | Spider:1 | Entered Level 1 of the Spider Nest
 23437 | Spider:1 | You fall into a shaft and drop 1 floor!
 24567 | Spider:1 | Reached XP level 18. HP: 55/104 MP: 14/32
 25168 | Spider:1 | Gained mutation: You occasionally lose the ability to drink
                  | potions when taking damage. [mutagenic glow]
 25234 | Spider:1 | Lost mutation: You occasionally lose the ability to drink
                  | potions when taking damage. [potion of mutation]
 25234 | Spider:1 | Gained mutation: Your system is resistant to poisons.
                  | (rPois) [potion of mutation]
 25234 | Spider:1 | Gained mutation: You are frail. (-10% HP) [potion of
                  | mutation]
 25234 | Spider:1 | Gained mutation: You are partially covered in iridescent
                  | scales. (AC +2) [potion of mutation]
 25234 | Spider:1 | Gained mutation: Your spells are a little harder to cast,
                  | but a little more powerful. [potion of mutation]
 25235 | Spider:1 | Lost mutation: Your spells are a little harder to cast, but
                  | a little more powerful. [potion of mutation]
 25235 | Spider:1 | Lost mutation: Your system is resistant to poisons. (rPois)
                  | [potion of mutation]
 25235 | Spider:1 | Gained mutation: You are weak. (Str -2) [potion of
                  | mutation]
 25235 | Spider:1 | Gained mutation: Your spells are a little harder to cast,
                  | but a little more powerful. [potion of mutation]
 25236 | Spider:1 | Lost mutation: You are partially covered in iridescent
                  | scales. (AC +2) [potion of mutation]
 25236 | Spider:1 | Lost mutation: Your spells are a little harder to cast, but
                  | a little more powerful. [potion of mutation]
 25236 | Spider:1 | Gained mutation: Your body sometimes deteriorates upon
                  | taking damage. [potion of mutation]
 25236 | Spider:1 | Gained mutation: You passively dampen the noise of your
                  | surroundings. [potion of mutation]
 25246 | Spider:2 | Reached skill level 19 in Invocations
 25526 | Spider:2 | Found a transporter.
 25527 | Spider:2 | Found a transporter.
 25612 | Spider:2 | Got the +1 pair of boots "Suxzes" {rN+}
 25666 | Spider:3 | Identified Roxanne's Encyclopedia of the Quarry
 25666 | Spider:3 | Noticed Roxanne
 25871 | Spider:3 | Killed Roxanne
 26144 | Spider:3 | Noticed Qusyotyd's ghost (journeyman MeHW)
 26145 | Spider:3 | Found a transporter.
 26236 | Spider:3 | Found a transporter.
 26376 | Spider:3 | Identified a scroll of acquirement
 26495 | Spider:3 | Acquired 741 gold pieces
 26674 | Shoals:1 | Bought a scroll of acquirement for 728 gold pieces
 26674 | Shoals:1 | Bought a scroll of blinking for 105 gold pieces
 26674 | Shoals:1 | Acquired a manual of Polearms
 26900 | Spider:3 | Killed Qusyotyd's ghost
 26944 | Spider:3 | Identified the -1 cloak "Jeores" {Fly rF++ Int-5 SInv}
 26948 | Spider:3 | Identified the +4 flail of Yesterday {flame, rCorr}
 27076 | Spider:4 | Entered Level 4 of the Spider Nest
 27398 | Spider:4 | Lost mutation: You are weak. (Str -2) [potion of mutation]
 27398 | Spider:4 | Lost mutation: You are frail. (-10% HP) [potion of
                  | mutation]
 27398 | Spider:4 | Gained mutation: Your spells are a little harder to cast,
                  | but a little more powerful. [potion of mutation]
 27398 | Spider:4 | Gained mutation: You are frail. (-10% HP) [potion of
                  | mutation]
 27398 | Spider:4 | Gained mutation: You possess an exceptional clarity of
                  | mind. [potion of mutation]
 27399 | Spider:4 | Lost mutation: You passively dampen the noise of your
                  | surroundings. [potion of mutation]
 27399 | Spider:4 | Lost mutation: You are frail. (-10% HP) [potion of
                  | mutation]
 27399 | Spider:4 | Lost mutation: Your body sometimes deteriorates upon taking
                  | damage. [potion of mutation]
 27399 | Spider:4 | Gained mutation: You occasionally shout uncontrollably at
                  | your foes. [potion of mutation]
 27399 | Spider:4 | Gained mutation: You expend magic power (3 MP) to
                  | strengthen your wands. [potion of mutation]
 27399 | Spider:4 | Gained mutation: You have sharp fingernails. [potion of
                  | mutation]
 28322 | Spider:4 | Got a gossamer rune of Zot
 28877 | Elf:1    | Entered Level 1 of the Elven Halls
 28985 | Elf:1    | Reached skill level 15 in Polearms
 29074 | Elf:1    | Reached XP level 19. HP: 89/111 MP: 29/33
 29116 | Elf:1    | Got Sif Muna's Verses on Generation
 29405 | Elf:1    | Found Gaxe Nor's Armour Shop.
 29411 | Elf:1    | Reached skill level 10 in Shields
 29911 | Elf:2    | Found Kyitaexy's General Store.
 30135 | Elf:2    | Found a runed translucent door.
 30163 | Elf:2    | Found a runed translucent door.
 30808 | Elf:2    | Reached skill level 20 in Invocations
 31020 | Elf:3    | Entered Level 3 of the Elven Halls
 31185 | Elf:3    | Found Usiuwuq's Antique Armour Emporium.
 31185 | Elf:3    | Found Purech's General Store.
 31243 | Elf:3    | Found Maajuh's General Store.
 31386 | Elf:3    | Bought a potion of mutation for 104 gold pieces
 31815 | Elf:3    | Identified the ring "Lalyqiejoi" {*Slow EV+4 Int+4}
 31838 | Elf:3    | Identified the +7 trident "Hoka" {drain, rElec rN+}
 31838 | Elf:3    | Identified the +0 leather armour "Ibeczug" {Int+4}
 31878 | Elf:3    | Reached XP level 20. HP: 30/117 MP: 24/35
 31889 | Elf:3    | HP: 3/119 [deep elf sorcerer/damnation (20)]
 32036 | Elf:3    | Upgraded the game from 0.30-a0-242-g7bf8e6d787 to
                  | 0.30-a0-250-g41c1d76940
 32048 | Elf:3    | Identified the +6 glaive "Gushramuinu" {freeze, rF+ Will+
                  | SInv}
 32115 | Elf:3    | Identified the ring "Riefic" {rPois Will+ Int+2 Dex+4}
 32129 | Elf:3    | Identified the +5 quarterstaff of Othis {freeze, rF- rN+
                  | Will+}
 32167 | Elf:3    | Identified the +4 chain mail of Past Mistakes {+Blink MP+9
                  | Stlth-}
 32226 | Elf:3    | Identified the +5 short sword of the Wary Lovers {flame,
                  | Will++}
 32688 | Elf:3    | Bought a transparent plate armour for 980 gold pieces
 32688 | Elf:3    | Identified the +0 plate armour of Cowardice {Dex+7} (You
                  | bought it in a shop on level 3 of the Elven Halls)
 32910 | Depths:1 | Entered Level 1 of the Depths
 33211 | Depths:1 | Noticed Mara
 33235 | Depths:1 | Killed Mara
 33293 | Depths:1 | Found a gateway to Hell.
 33637 | Depths:1 | Noticed a pearl dragon
 33660 | Depths:1 | Killed a pearl dragon
 33691 | Depths:1 | Found a glowing golden altar of the Shining One.
 33691 | Depths:1 | Found a white marble altar of Elyvilon.
 33691 | Depths:1 | Found a glowing silver altar of Zin.
 33848 | Depths:2 | Noticed a golden dragon
 33863 | Depths:2 | Noticed a golden dragon
 33867 | Depths:2 | Killed a golden dragon
 33890 | Depths:2 | Killed a golden dragon
 33944 | Depths:2 | Noticed a juggernaut
 33946 | Depths:2 | Noticed a juggernaut
 33969 | Depths:2 | Killed a juggernaut
 33987 | Depths:2 | Killed a juggernaut
 34484 | Depths:2 | Found a one-way gate leading to the halls of Pandemonium.
 34760 | Depths:2 | Noticed Asterion
 34792 | Depths:2 | Killed Asterion
 35024 | Depths:3 | Found a one-way gateway to a ziggurat.
 35025 | Depths:3 | Paralysed by a floating eye for 4 turns
 35039 | Depths:3 | Reached skill level 21 in Invocations
 35046 | Depths:3 | Paralysed by a floating eye for 2 turns
 35064 | Depths:3 | Gained mutation: You are dopey. (Int -2) [a shining eye]
 35067 | Depths:3 | Paralysed by a floating eye for 4 turns
 35287 | Depths:3 | Reached XP level 21. HP: 121/123 MP: 33/36
 35883 | Depths:3 | Found a one-way gate to the infinite horrors of the Abyss.
 36040 | Depths:4 | Entered Level 4 of the Depths
 36044 | Depths:4 | Identified the +10 flail of Imminent Death {spect, rC+}
 36120 | Depths:4 | Reached skill level 15 in Shields
 36177 | Depths:4 | Noticed a golden dragon
 36207 | Depths:4 | Killed a golden dragon
 36317 | Depths:4 | HP: 3/126 [spark wasp (8)]
 36318 | Depths:4 | Found a runed translucent door.
 36336 | Depths:4 | Found a runed translucent door.
 36520 | Depths:4 | Found a runed translucent door.
 36590 | Depths:4 | Found a runed translucent door.
 36664 | Depths:4 | Noticed a bone dragon
 36691 | Depths:4 | Killed a bone dragon
 36774 | Depths:4 | Found a runed translucent door.
 36775 | Depths:4 | Found a runed translucent door.
 36854 | Depths:4 | Found a gate to the Realm of Zot.
 37060 | Depths:4 | Noticed a golden dragon
 37077 | Depths:4 | Killed a golden dragon
 37194 | Depths:4 | Found Rapsoqolol's General Store.
 37401 | Depths:4 | Found Idiucs's Assorted Antiques.
 37407 | Depths:4 | Bought a scroll of enchant weapon for 315 gold pieces
 37433 | Depths:4 | Found Tiateq Fynu's Armour Shop.
 37544 | Depths:4 | Reached XP level 22. HP: 127/130 MP: 35/37
 37622 | Depths:4 | Found Retsar's Book Boutique.
 37640 | Depths:4 | Found Osufi's General Store.
 37812 | Depths:4 | Bought a scroll of summoning for 104 gold pieces
 38377 | D:11     | You paid a toll of a +6 demon blade to enter a treasure
                  | trove
 38378 | Trove    | Entered a treasure trove
 38401 | Trove    | Got Otrovovo's Compendium of Ghastly Pestilence
 38404 | Trove    | Got Lucol's Compilation of the Charged Salvo
 38438 | Trove    | Got Sif Muna's Almanac of Execration
 38441 | Trove    | Got Sif Muna's Quarto of Hurting and the Iceberg
 38626 | Slime:1  | Entered Level 1 of the Pits of Slime
 38747 | Slime:1  | Gained mutation: You occasionally lose the ability to read
                  | scrolls when taking damage. [a shining eye]
 38914 | Slime:5  | Entered Level 5 of the Pits of Slime
 38933 | Slime:5  | Gained mutation: You sometimes lose the ability to read
                  | scrolls when taking damage. [a shining eye]
 38950 | Slime:5  | Noticed the Royal Jelly
 39134 | Slime:4  | Reached skill level 22 in Invocations
 39434 | Slime:3  | Lost mutation: You sometimes lose the ability to read
                  | scrolls when taking damage. [potion of mutation]
 39434 | Slime:3  | Lost mutation: You are dopey. (Int -2) [potion of mutation]
 39434 | Slime:3  | Lost mutation: Your spells are a little harder to cast, but
                  | a little more powerful. [potion of mutation]
 39434 | Slime:3  | Gained mutation: Your mind is acute. (Int +4, Str/Dex -1)
                  | [potion of mutation]
 39434 | Slime:3  | Gained mutation: You occasionally lose the ability to drink
                  | potions when taking damage. [potion of mutation]
 39435 | Slime:3  | Lost mutation: You occasionally shout uncontrollably at
                  | your foes. [potion of mutation]
 39435 | Slime:3  | Lost mutation: You possess an exceptional clarity of mind.
                  | [potion of mutation]
 39435 | Slime:3  | Gained mutation: You are robust. (+10% HP) [potion of
                  | mutation]
 39436 | Slime:3  | Lost mutation: You have sharp fingernails. [potion of
                  | mutation]
 39436 | Slime:3  | Lost mutation: You occasionally lose the ability to read
                  | scrolls when taking damage. [potion of mutation]
 39436 | Slime:3  | Lost mutation: You occasionally lose the ability to drink
                  | potions when taking damage. [potion of mutation]
 39436 | Slime:3  | Gained mutation: You sometimes lose your temper in combat.
                  | [potion of mutation]
 39436 | Slime:3  | Gained mutation: You are covered in fur. (AC +1) [potion of
                  | mutation]
 39525 | Slime:5  | Killed the Royal Jelly
 39694 | Slime:5  | HP: 5/146 [rockslime[the Royal Jelly] (24)]
 39695 | Slime:5  | Gained mutation: You occasionally lose the ability to read
                  | scrolls when taking damage. [a shining eye]
 39697 | Slime:5  | Gained mutation: Your magical capacity is low. (-10% MP) [a
                  | shining eye]
 39701 | Slime:5  | Gained mutation: Your spells are a little easier to cast,
                  | but a little less powerful. [a shining eye]
 39998 | Slime:5  | Got the Codex of Intoxicating Apparitions
 40022 | Slime:5  | Identified the +4 war axe of Ameps {flame, rN+}
 40048 | Slime:5  | Got a slimy rune of Zot
 40052 | Slime:5  | Identified the amulet of Qehasiukh {Fly Regen+ Dex+3}
 40084 | Slime:4  | Lost mutation: You are robust. (+10% HP) [potion of
                  | mutation]
 40084 | Slime:4  | Lost mutation: You occasionally lose the ability to read
                  | scrolls when taking damage. [potion of mutation]
 40084 | Slime:4  | Gained mutation: Your muscles are strong. (Str +4, Int/Dex
                  | -1) [potion of mutation]
 40084 | Slime:4  | Lost mutation: Your spells are a little easier to cast, but
                  | a little less powerful. [potion of mutation]
 40085 | Slime:4  | Lost mutation: You are covered in fur. (AC +1) [potion of
                  | mutation]
 40085 | Slime:4  | Lost mutation: Your magical capacity is low. (-10% MP)
                  | [potion of mutation]
 40085 | Slime:4  | Lost mutation: You sometimes lose your temper in combat.
                  | [potion of mutation]
 40085 | Slime:4  | Gained mutation: Your system is resistant to poisons.
                  | (rPois) [potion of mutation]
 40085 | Slime:4  | Gained mutation: You are robust. (+10% HP) [potion of
                  | mutation]
 40327 | Vaults:1 | Entered Level 1 of the Vaults
 40514 | Vaults:1 | Found Guloazemoa's Armour Shoppe.
 40721 | Vaults:1 | Identified the +2 arbalest of Surei {venom, *Slow rPois
                  | Str+5}
 41281 | Vaults:1 | Found Konel's Antique Armour Boutique.
 41284 | Vaults:1 | Bought a pair of steaming gloves for 218 gold pieces
 41284 | Vaults:1 | Identified the +1 pair of gloves of Calculation {*Slow
                  | rElec Str+7 SInv} (You bought it in a shop on level 1 of
                  | the Vaults)
 41284 | Vaults:1 | Bought an encrusted helmet for 218 gold pieces
 41284 | Vaults:1 | Identified the +1 helmet "Gaeff" {rCorr} (You bought it in
                  | a shop on level 1 of the Vaults)
 41366 | Vaults:1 | Found Ogijaf's Assorted Antiques.
 41459 | Vaults:1 | Reached XP level 23. HP: 150/150 MP: 39/39
 41544 | Vaults:1 | Found Titok's Jewellery Shop.
 41736 | Vaults:2 | Found a staircase to the Crypt.
 41800 | Vaults:2 | Identified the +0 ring mail "Toen" {Will+ Int+4}
 41805 | Vaults:2 | Found a magical portal.
 41888 | WizLab   | Entered Lehudib's Moon Base
 41951 | WizLab   | Found a transporter.
 42180 | WizLab   | Gained mutation: You occasionally lose the ability to read
                  | scrolls when taking damage. [a cacodemon]
 42321 | WizLab   | Identified the +0 helmet of Nemelex Xobeh's Hatred {rElec
                  | Dex+2}
 42500 | WizLab   | Found a transporter.
 42922 | WizLab   | Identified the ring "Ufuug" {Fly rPois rCorr Str-2 Stlth+}
 42925 | WizLab   | Identified the amulet "Maomu Kaups" {RegenMP Rampage Int+3
                  | Dex-3}
 43224 | Vaults:2 | Reached skill level 23 in Invocations
 43240 | Vaults:2 | Identified the +6 quarterstaff of Dishonour {drain, rF+
                  | Dex+3}
 43317 | Vaults:2 | Reached skill level 5 in Evocations
 43374 | Vaults:2 | Noticed Frederick
 43384 | Vaults:2 | Killed Frederick
 43474 | Vaults:2 | Reached XP level 24. HP: 157/157 MP: 39/39
 43872 | Vaults:2 | Noticed Boris
 43886 | Vaults:2 | Killed Boris
 44358 | Vaults:3 | Found Nuept's Distillery.
 45558 | Vaults:4 | Noticed Donald
 45590 | Vaults:4 | Killed Donald
 45737 | Vaults:4 | Noticed Xtahua
 45788 | Vaults:4 | Killed Xtahua
 46056 | Vaults:4 | Noticed Sojobo
 46082 | Vaults:4 | Paralysed by an air elemental for 1 turns
 46087 | Vaults:4 | Paralysed by an air elemental for 1 turns
 46102 | Vaults:4 | Killed Sojobo
 46440 | Vaults:5 | Entered Level 5 of the Vaults
 46499 | Vaults:5 | Noticed Jory
 46529 | Vaults:5 | Killed Jory
 46587 | Vaults:5 | Identified the +5 great sword "Geqej" {flame, Contam rF+
                  | SInv}
 46601 | Vaults:5 | Identified the +2 sling of Zononiat {flame, rElec Int-2
                  | Dex+2 Stlth+}
 46608 | Vaults:5 | Reached XP level 25. HP: 150/163 MP: 36/39
 46695 | Vaults:5 | Identified the +1 plate armour of Duck's Teeth {+Blink
                  | Str-2 Int+4}
 46701 | Vaults:5 | Got a silver rune of Zot
 46807 | Vaults:5 | Reached skill level 24 in Invocations
 46957 | Vaults:5 | Identified the +7 dagger of the Lonely Wonders {venom, rC-
                  | MP+9 Int+3 Stlth+}
 46981 | Vaults:5 | Identified the +8 hand axe of Scorn {elec, rN+ Int+3 Dex+4}
 47045 | Vaults:5 | Found the +10 zealot's sword {holy, *Rage rN+ EV+3}
 47167 | Vaults:5 | Identified the +2 robe of Warrebow {Regen+ SInv}
 47583 | Vaults:5 | Identified the +6 dagger "Vuol Peo" {freeze, Fly rPois
                  | Will+}
 47684 | Vaults:5 | Identified the +9 falchion "Fifos" {spect, *Corrode rPois
                  | rN+++ Str+2}
 47911 | Vaults:5 | Acquired 407 gold pieces
 48160 | Depths:3 | Voluntarily entered the Abyss.
 48316 | Abyss:1  | Lost mutation: Your mind is acute. (Int +4, Str/Dex -1)
                  | [potion of mutation]
 48316 | Abyss:1  | Lost mutation: Your system is resistant to poisons. (rPois)
                  | [potion of mutation]
 48316 | Abyss:1  | Gained mutation: You possess an exceptional clarity of
                  | mind. [potion of mutation]
 48316 | Abyss:1  | Gained mutation: You have sharp fingernails. [potion of
                  | mutation]
 48317 | Abyss:1  | Lost mutation: Your muscles are strong. (Str +4, Int/Dex
                  | -1) [potion of mutation]
 48317 | Abyss:1  | Lost mutation: You occasionally lose the ability to read
                  | scrolls when taking damage. [potion of mutation]
 48317 | Abyss:1  | Lost mutation: You possess an exceptional clarity of mind.
                  | [potion of mutation]
 48317 | Abyss:1  | Gained mutation: Your movements are slightly less
                  | encumbered by armour. (ER -2) [potion of mutation]
 48317 | Abyss:1  | Gained mutation: You have large cloven feet. [potion of
                  | mutation]
 48323 | Abyss:1  | Found a corrupted altar of Lugonu.
 48926 | Abyss:2  | Reached skill level 10 in Evocations
 49250 | Abyss:3  | Identified the ring of Sox Wuew {Ice Str+3 Dex+3}
 49271 | Abyss:3  | Acquired 735 gold pieces
 49636 | Abyss:3  | Reached XP level 26. HP: 156/171 MP: 40/40
 49737 | Abyss:3  | Paralysed by accursed screaming for 1 turns
 49778 | Abyss:3  | Identified the +0 ring mail of Jaott {-Tele Dex+2 Stlth+}
 49838 | Abyss:4  | Found a corrupted altar of Lugonu.
 49880 | Abyss:4  | Found a corrupted altar of Lugonu.
 49912 | Abyss:4  | Got an abyssal rune of Zot
 49964 | Depths:3 | Escaped the Abyss
 50072 | Zot:1    | Entered Level 1 of the Realm of Zot
 50072 | Zot:1    | Noticed an orb of fire
 50091 | Zot:1    | Killed an orb of fire
 50115 | Depths:4 | Reached skill level 25 in Invocations
 50563 | Zot:1    | Found a transporter.
 50591 | Zot:1    | Noticed an orb of fire
 50592 | Zot:1    | Noticed a dread lich
 51255 | Zot:2    | Noticed Bealaq's ghost (legendary GnFE)
 51258 | Zot:2    | Found a runed translucent door.
 51342 | Zot:2    | Killed Bealaq's ghost
 52522 | Zot:3    | Reached XP level 27. HP: 180/180 MP: 40/40
 52931 | Zot:5    | Entered Level 5 of the Realm of Zot
 52954 | Zot:5    | Reached skill level 26 in Invocations
 53178 | Zot:5    | Noticed a dread lich
 53189 | Zot:5    | Killed a dread lich
 53195 | Zot:5    | Noticed an orb of fire
 53196 | Zot:5    | Noticed an orb of fire
 53197 | Zot:5    | Noticed a dread lich
 53226 | Zot:5    | Noticed an ancient lich
 53226 | Zot:5    | Noticed an orb of fire
 53226 | Zot:5    | Noticed a dread lich
 53226 | Zot:5    | Noticed a dread lich
 53226 | Zot:5    | Noticed an orb of fire
 53227 | Zot:5    | Killed from afar by an orb of fire

Illustrated notes

Levels and vault maps discovered:
D:1:      minmay_arrival_diagonal_passages, layout_loops_ring,
          reono_crystal_passage, minmay_misc_feat_doors
D:2:      layout_loops_cross, uniq_robin
D:3:      layout_basic, mainiacjoe_overflow_tiny_flanked
D:4:      layout_gridville, mainiacjoe_overflow_catwalk, tgw_xom,
          uniq_eustachio, uniq_pargi
D:5:      layout_loops_ring, amcnicky_altar_gilded,
          minmay_temple_entry_poolview, uniq_pikel
D:6:      layout_rooms, lemuel_crystal_altar, eat_drink_and_be_merry_uskayaw,
          glass_columns_a
D:7:      corexii_shack_village, layout_basic, grunt_tough_drop
D:8:      layout_gridville, enter_bailey_5, chequers_serial_rivers_marsh
D:9:      gammafunk_indiana_jones, layout_loops_ring,
          lemuel_mausoleum_altar_yredelemnul, uniq_maggie
D:10:     layout_cave_pods, old_standard_altar, nicolae_qazlal_eye_of_the_storm,
          david_lair_generic
D:11:     layout_basic, hiddenorc2_lemuel, nicolae_trove_entry_isolated
D:12:     layout_long_grid, nicolae_elevator_lobby_asterisk
D:13:     layout_rooms, lightli_vaults_fourway_checkpoint, serial_bayou_pond_e,
          uniq_maurice
D:14:     layout_irregular_city, grunt_decor_one_mirror
D:15:     hangedman_depths_entry_civil_slaughter, layout_long_grid
Lair:1:   layout_misc_corridors, minmay_stone_trees_large, lemuel_fruit_tree
Lair:2:   layout_gridlike
Lair:3:   layout_cave_pods, elwin_shoals_entry_rocks,
          spider_nest_entry_funnel_web
Lair:4:   beast_lair_carwin_large_1, layout_loops_ring, basic_altar,
          st_stairs_11, chequers_serial_rivers_micro_a
Lair:5:   cheibrodos_lair_end_hotspot, layout_regular_city, slime_entry_1,
          wad_woods_02
Shoals:1: layout_shoals, serial_shops, shop
Shoals:2: layout_shoals, ebering_ghost_xom
Shoals:3: layout_shoals, gammafunk_ghost_grave
Shoals:4: shoals_end_simple, layout_shoals, shoal_ilsuiw
Spider:1: layout_spider_delve
Spider:2: gammafunk_boulding_lane, nicolae_spider_shape
Spider:3: layout_spider_delve, gammafunk_ghost_arena, uniq_roxanne
Spider:4: spider_rune_water
Slime:1:  layout_caves, cheibrodos_slime_lost_civilization_4
Slime:2:  layout_caves
Slime:3:  layout_caves, nicolae_slime_welcoming_committee
Slime:4:  layout_caves
Slime:5
Orc:1:    layout_caves, nicolae_orc_crystal_geode
Orc:2:    st_orc_congregation, layout_diamond_mine, gauntlet_entry_generic,
          bh_open_orc_temple
Elf:1:    minmay_elf_arrival_plus, layout_geoelf_diagonals, serial_shops,
          nicolae_diamond_shop, minmay_elf_demonology, minivault_14
Elf:2:    elven_hall_of_blades_hangedman_original
          [nicolae_blade_entry_splitting_headache], layout_loops_cross,
          serial_shops, shop
Elf:3:    minmay_elf_hall_furrowed, layout_geoelf_octagon, serial_shops,
          nicolae_shop_advertising_works [nicolae_subvault_shop_adworks],
          serial_corexii_hall, chequers_hall_statues_wall_a,
          corexii_hall_statues_u, minmay_shoptagon
Vaults:1: hangedman_vaults_impose, vaults_room_corners,
          ontoclasm_vaults_loading_screen, hangedman_vaults_slither,
          nicolae_vaults_windows_and_doors_thing, nicolae_vaults_little_ls,
          ontoclasm_vaults_ring_square, ontoclasm_vaults_gateway,
          st_smaller_cells, vaults_room_grunt_arrival_ludios,
          hangedman_vaults_corner_blocks, vaults_dpeg_emergency_exit,
          layout_vaults_omnicross, serial_shops, nicolae_shop_behind_doors,
          nicolae_lakefront_shop, shop, nicolae_shop_trees
Vaults:2: mu_enter_wizlab_4, vaults_dpeg_diagonal,
          minmay_crypt_entry_simple_sparse, nicolae_vaults_puzzle_piece,
          dpeg_vaults_pockets_of_resistance, nicolae_vaults_network_star,
          hangedman_vaults_unwind, vaults_room_stairs_pillars,
          ontoclasm_vaults_tryst, vaults_mumra_minichess,
          ontoclasm_vaults_ligature, nicolae_vaults_mini_display_case,
          vaults_room_hallway, layout_vaults_maze_snakey, uniq_frederick,
          uniq_boris, uniq_margery
Vaults:3: vaults_room_corners, grunt_vaults_twisty, v_misc_11,
          nicolae_vaults_three_branches, v_misc_14, layout_vaults_omnigrid,
          serial_shops, nicolae_shop_trees
Vaults:4: v_alt_pattern_4, vaults_dpeg_doors, v_misc_31, v_misc_9,
          vaults_room_stairs_pillars, hangedman_vaults_slice,
          layout_vaults_chaotic_city, uniq_sojobo, uniq_donald, uniq_xtahua
Vaults:5: serial_shops, uniq_jory
Depths:1: layout_cave_pools, grunt_metal_band, nicolae_benzene_ring,
          hallowed_hall, uniq_mara
Depths:2: minmay_the_grid_four_pointed_star_mashed
          [minmay_the_grid_triangle_9x9_wacky_v,
          minmay_the_grid_triangle_9x9_from_above,
          minmay_the_grid_triangle_9x9_thin_v,
          minmay_the_grid_triangle_9x9_zippers_vertical,
          minmay_the_grid_prize_shrinking_boxes], layout_honeycomb,
          serial_glass, glass_columns_b, glass_columns_a, hell_entry,
          corexii_leaking_fountain, rand_demon_pan_entry_9, uniq_asterion
Depths:3: minmay_octagon_keep, layout_honeycomb, enter_ziggurat_d,
          rand_demon_pan_entry_5, nrook_mini_vaults,
          hangedman_tar_grid_catacomb, abyss_entry_glasseish
Depths:4: evilmike_zot_entry_castle, layout_gridlike, minmay_hedge_maze,
          serial_glass, glass_columns_a, glass_columns_a, feat_on_display,
          minmay_strange_pillars, minmay_strange_pillars,
          minmay_strange_pillars, hell_entry, pan_entry, serial_shops,
          nicolae_shop_crystal, nicolae_shop_stone, nicolae_inconvenience_store,
          shop, nicolae_shop_overgrown_old_shop, st_stairs_8
Zot:1:    gammafunk_dig_for_victory, layout_basic, st_stairs_5
Zot:2:    kennysheep_blocky_hall, layout_basic, hellmonk_ghost_happy_afterlife,
          uniq_parghit
Zot:3:    layout_basic
Zot:4:    layout_onion_interference, grunt_megastairs_5
Zot:5:    layout_gridlike, bh_zot_lava_cross, grunt_ministairs_7

Skill      XL: |  1  2  3  4  5  6  7  8  9 10 11 12 13 14 15 16 17 18 19 20 21 22 23 24 25 26 27 |
---------------+----------------------------------------------------------------------------------+-----
Fighting       | 2 3 4 5 6 7 9 10 11 13 14 15 16 17 18 19 20 21 22 23 | 23.6
Throwing       | 2 |  2.0
Dodging        | 1 2 4 6 |  6.0
Stealth        | 5 |  5.0
Short Blades   | 2 |  2.1
Polearms       | 1 2 3 4 6 11 12 13 14 15 16 18 19 | 19.0
Invocations    | 2 3 5 6 8 9 10 12 14 15 16 17 18 19 20 21 22 23 24 25 26 | 26.3
Evocations     | 2 3 4 5 8 10 | 10.0
Armour         | 2 4 6 7 9 |  9.0
Shields        | 3 5 7 9 12 14 16 18 19 21 22 23 | 23.0

Action                   |  1- 3 |  4- 6 |  7- 9 | 10-12 | 13-15 | 16-18 | 19-21 | 22-24 | 25-27 || total
-------------------------+-------+-------+-------+-------+-------+-------+-------+-------+-------++-------
Melee: Dagger            |    14 |       |       |       |       |       |       |       |       ||    14
       Bite              |     6 |    19 |    48 |   147 |   554 |   862 |   971 |  1252 |  1048 ||  4907
       Demon trident     |    44 |   120 |   207 |    86 |  1217 |  2500 |  2305 |  2402 |  2121 || 11002
       Punch             |     1 |     2 |     2 |     1 |     3 |       |       |       |       ||     9
       Halberd           |       |       |       |   422 |   277 |       |       |       |       ||   699
Throw: Dart              |       |       |     1 |    12 |       |       |       |       |       ||    13
Invok: Greater Servant o |       |       |       |       |       |    17 |     8 |     9 |     4 ||    38
       Major Destruction |       |       |       |       |       |       |       |     2 |       ||     2
Evoke: Wand              |       |       |       |     9 |     4 |     2 |     5 |     3 |     1 ||    24
       Tin of tremorston |       |       |       |       |       |       |     2 |     2 |       ||     4
       Condenser vane    |       |       |       |       |       |       |       |     2 |       ||     2
  Use: Scroll            |       |     3 |    11 |     8 |     8 |    14 |     6 |    21 |    13 ||    84
       Potion            |       |       |     1 |     5 |       |     8 |       |    16 |     5 ||    35
 Stab: Sleeping          |    16 |    12 |       |    13 |    11 |       |       |       |       ||    52
       Distracted        |       |     1 |       |     2 |     1 |     2 |     2 |     1 |     3 ||    12
       Invisible         |       |       |       |     6 |       |       |       |       |       ||     6
       Confused          |       |       |       |       |       |     4 |       |     3 |     1 ||     8
       Fleeing           |       |       |       |       |       |     1 |       |       |       ||     1
Armor: Leather armour    |    12 |    13 |       |       |       |       |       |       |       ||    25
       Chain mail        |       |     7 |    71 |    64 |       |       |       |       |       ||   142
       Steam dragon scal |       |       |       |    54 |    96 |       |       |       |       ||   150
       Plate armour      |       |       |       |       |   456 |  1305 |  1064 |    48 |       ||  2873
       Gold dragon scale |       |       |       |       |       |       |       |  1575 |   920 ||  2495
Dodge: Dodged            |    23 |    45 |    38 |   126 |   309 |   564 |   518 |   541 |   430 ||  2594
Block: Other             |       |     4 |    28 |    62 |    75 |       |       |       |       ||   169
       Reflection        |       |     1 |       |     7 |    20 |    47 |    32 |       |       ||   107
       Buckler           |       |       |       |       |   300 |  1190 |   557 |       |       ||  2047
       Kite shield       |       |       |       |       |       |       |   543 |  1826 |  1385 ||  3754

Table legend: (Time is in decaauts)
 A = Elapsed time spent in this place.
 B = Non-inter-level travel time spent in this place.
 C = Inter-level travel time spent in this place.
 D = Time resting spent in this place.
 E = Time spent auto-exploring this place.
 F = Levels seen in this place.
 G = Mean time per level.
                   A        B        C        D        E       F      G
               +--------+--------+--------+--------+--------+-----+--------+
         Total |  49579 |  45607 |   3972 |   1177 |  28397 |  60 |  826.3 |
       Dungeon |  12727 |  11505 |   1222 |    168 |   8476 |  15 |  848.5 |
          Lair |   5023 |   4253 |    770 |      0 |   3289 |   5 | 1004.6 |
        Shoals |   4016 |   3721 |    295 |     81 |   2133 |   4 | 1004.0 |
   Spider Nest |   4801 |   4393 |    408 |    296 |   2846 |   4 | 1200.2 |
    Slime Pits |   1312 |   1214 |     98 |    316 |     45 |   5 |  262.4 |
  Orcish Mines |   1275 |   1192 |     83 |      0 |    826 |   2 |  637.5 |
   Elven Halls |   3624 |   3384 |    240 |    118 |   2029 |   3 | 1208.0 |
        Vaults |   5835 |   5581 |    254 |      5 |   3737 |   5 | 1167.0 |
        Depths |   4942 |   4418 |    524 |     32 |   2640 |   4 | 1235.5 |
           Zot |   2781 |   2707 |     74 |    161 |   1457 |   5 |  556.2 |
         Abyss |   1557 |   1557 |      0 |      0 |    387 |   4 |  389.2 |
         Trove |     72 |     72 |      0 |      0 |      0 |   1 |   72.0 |
        Bailey |    331 |    331 |      0 |      0 |      0 |   1 |  331.0 |
        Wizlab |    989 |    989 |      0 |      0 |    501 |   1 |  989.0 |
      Gauntlet |    286 |    286 |      0 |      0 |     28 |   1 |  286.0 |
               +--------+--------+--------+--------+--------+-----+--------+

Top non-repeatable levels by time:
Depths:4: 1846 daAuts
   Elf:3: 1591 daAuts
Spider:4: 1447 daAuts
  Lair:3: 1388 daAuts
Vaults:5: 1289 daAuts
Depths:3: 1273 daAuts
Spider:1: 1272 daAuts
  Lair:5: 1216 daAuts
Vaults:1: 1206 daAuts
   Elf:2: 1197 daAuts
Shoals:4: 1176 daAuts
Vaults:2: 1172 daAuts
     D:7: 1130 daAuts
    D:11: 1127 daAuts
Shoals:2: 1102 daAuts
